 Dungeon Crawl Stone Soup version 0.23-a0-38-g6d804a8 (webtiles) character file.

29 Amnesiac the Digger (level 3, -1/24 HPs)
             Began as a Mummy Earth Elementalist on Aug 5, 2018.
             Slain by a kobold
             ... wielding a +0 dagger
              (4 damage)
             ... in a sewer.
             The game lasted 00:02:11 (515 turns).

Amnesiac the Digger (Mummy Earth Elementalist)       Turns: 515, Time: 00:02:12

Health: -1/24      AC:  2    Str: 11    XL:     3   Next: 1%
Magic:  0/7        EV: 12    Int: 15    God:
Gold:   24         SH:  0    Dex: 12    Spells: 2/8 levels left

rFire    x . .     SeeInvis .   e - +0 short sword
rCold    + . .     Gourm    .   (no shield)
rNeg     + + +     Faith    .   c - +0 robe
rPois    ∞         Spirit   .   (no helmet)
rElec    .         Reflect  .   (no cloak)
rCorr    .         Harm     .   (no gloves)
MR       .....                  (no boots)
Stlth    ++........             (no amulet)
HPRegen  0.08/turn              (no ring)
MPRegen  0.10/turn              (no ring)

@: no status effects
A: no food or potions, fire vulnerability, cold resistance 1, negative energy
resistance 3, torment resistance, unbreathing
a: no special abilities


You were in a sewer.
You were not hungry.

You visited 1 branch of the dungeon, and saw 4 of its levels.
You also visited: Sewer.

You collected 24 gold pieces.

Inventory:

Hand Weapons
 e - a +0 short sword (weapon)
Missiles
 b - 59 stones (quivered)
Armour
 c - a +0 robe (worn)
Scrolls
 a - a scroll of identify {!r, unknown}
 d - 2 scrolls of amnesia {!r, unknown}


   Skills:
 - Level 1.5 Dodging
 - Level 1.5 Stealth
 + Level 3.2 Spellcasting
 - Level 0.7 Transmutations
 * Level 3.2 Earth Magic


You had 2 spell levels left.
You knew the following spells:

 Your Spells              Type           Power        Failure   Level  Hunger
a - Sandblast             Erth           ##....       5%          1    N/A
b - Passwall              Tmut/Erth      #.......     13%         2    N/A
c - Stone Arrow           Conj/Erth      #.....       30%         3    N/A

Your spell library contained the following spells:

 Spells                   Type           Power        Failure   Level  Hunger
 Lee's Rapid Deconstruct  Erth           ##........   82%         5    N/A
 Petrify                  Tmut/Erth      #.......     65%         4    N/A

Dungeon Overview and Level Annotations

Branches:
Dungeon (4/15)
 Temple: D:4-7

Altars:
Trog

Annotations:
D:2 exclusions: downstairs and worm
D:3 Sigmund


Innate Abilities, Weirdness & Mutations

You do not eat or drink.
Your flesh is vulnerable to fire.
You are immune to poison.
Your flesh is cold resistant. (rC+)
You are immune to negative energy. (rN+++)
You are immune to unholy pain and torment.
You can survive without breathing.


Message History

You start memorising the spell.
You continue memorising.
You hear the slow rusting of a drain.
You continue memorising. x2
You finish memorising.
Spell assigned to 'c'.
Casting: Sandblast (safe; 5% risk of failure)
Confirm with . or Enter, or press ? or * to list all spells.
Aiming: Passwall (safe; 13% risk of failure)
Press: ? - help, Dir - move target cursor A rock wall.
You begin to meditate on the wall.
You continue meditating on the rock. x2
You finish merging with the rock.
Splash!
You fall into the shallow water.
Moving in this stuff is going to be slow.
Found a glowing drain.
An adder comes into view.
The adder hisses angrily.
The adder bites you.
There is a glowing drain here.
Casting: Passwall (safe; 13% risk of failure)
Confirm with . or Enter, or press ? or * to list all spells.
Aiming: Sandblast (safe; 5% risk of failure)
Press: ? - help, Shift-Dir - straight line, f - adder
Aim: an adder The blast of sand misses the adder.
b - 61 stones The adder bites you.
* * * LOW HITPOINT WARNING * * *
Unknown command.
Casting: Sandblast (safe; 5% risk of failure)
Confirm with . or Enter, or press ? or * to list all spells.
Aiming: Sandblast (safe; 5% risk of failure)
Press: ? - help, Shift-Dir - straight line, f/p - adder
Aim: an adder The blast of sand misses the adder.
b - 60 stones The adder bites you.
* * * LOW HITPOINT WARNING * * *
The adder completely misses you.
Casting: Sandblast (safe; 5% risk of failure)
Confirm with . or Enter, or press ? or * to list all spells.
You don't have enough magic to cast that spell.
Casting: Sandblast (safe; 5% risk of failure)
Confirm with . or Enter, or press ? or * to list all spells.
You don't have enough magic to cast that spell.
The adder misses you.
The world spins around you as you enter the gateway.
You enter a sewer!
A kobold comes into view. It is wielding a dagger.
Found a gate leading back out of this place.
There is an empty arch of ancient stone here.
The kobold shouts!
The kobold hits you with a dagger.
* * * LOW HITPOINT WARNING * * *
Casting: Sandblast (safe; 5% risk of failure)
Confirm with . or Enter, or press ? or * to list all spells.
Aiming: Sandblast (safe; 5% risk of failure)
Press: ? - help, Shift-Dir - straight line, f - kobold
Aim: a kobold, wielding a dagger The blast of sand hits the kobold.
The kobold is severely wounded.
b - 59 stones The kobold hits you with a dagger.
You die...

#####
##...## ≈#
#.....#.≈≈#
#.∩∩.....≈#
#.@...#.≈≈#
##K..## #
#####


You could see a kobold.

Vanquished Creatures
  An adder (D:4)
  A leopard gecko (D:4)
  An orc (D:4)
  2 bats (D:2)
  2 giant cockroaches
  3 goblins
  A frilled lizard (D:3)
  4 kobolds (D:4)
  2 rats (D:2)
17 creatures vanquished.

Notes
Turn   | Place    | Note
-------+----------+-------------------------------------------
     0 | D:1      | Amnesiac the Mummy Earth Elementalist began the quest for the Orb.
     0 | D:1      | Reached XP level 1. HP: 13/13 MP: 4/4
    57 | D:3      | Noticed Sigmund
   347 | D:4      | Found a bloodstained altar of Trog.
   359 | D:4      | Reached XP level 2. HP: 15/19 MP: 2/5
   364 | D:4      | Learned a level 2 spell: Passwall
   501 | D:4      | Reached XP level 3. HP: 16/24 MP: 3/7
   506 | D:4      | Learned a level 3 spell: Stone Arrow
   509 | D:4      | Found a glowing drain.
   513 | Sewer    | Entered a sewer
   515 | Sewer    | Slain by a kobold

Vault maps used:
D:1:      dpeg_arrival_windows_large_door, serial_curves, eino_curves_02,
          eino_curves_02, minmay_tromino_v2
D:2:      minmay_misc_feat_tower
D:3:      minmay_misc_feat_diagonals, elyvilon_altar_4, uniq_sigmund
D:4:      minmay_temple_entry_glass, portal_sewer_entry_d, trog_hazing_becter,
          uniq_grinder
Sewer:    kennysheep_sewer_church

Skill      XL: |  1  2 |
---------------+-------+-----
Earth Magic    | 3 |  3.2
Spellcasting   | 3 |  3.2
Dodging        | |  1.5
Stealth        | |  1.5
Transmutations | |  0.7

Action                   || total
-------------------------++-------
Melee: Unarmed           ||    39
       Short sword       ||    18
 Cast: Sandblast         ||    20
       Passwall          ||     1
 Stab: Sleeping          ||     1
Armor: Robe              ||    29
Dodge: Dodged            ||    58

Table legend:
 A = Spawn XP
 B = Non-spawn XP
 C = Spawn XP percentage of total XP
 D = Spawn monster count
 E = Non-spawn monster count
 F = Spawn count percentage of total count
 G = Total turns spent on level
                    A         B        C        D         E        F      G
               +---------+---------+-------+---------+---------+-------+---------
         Total |       0 |      42 |   0.0 |       0 |      17 |   0.0 |   515
               +---------+---------+-------+---------+---------+-------+---------
           D:2 |       0 |      10 |   0.0 |       0 |       6 |   0.0 |   267
           D:3 |       0 |       1 |   0.0 |       0 |       1 |   0.0 |    23
           D:4 |       0 |      31 |   0.0 |       0 |      10 |   0.0 |   192
               +---------+---------+-------+---------+---------+-------+---------
